 Dungeon Crawl Stone Soup version 0.23-a0-690-g0a1fc62 (webtiles) character file.

373 galech the Chopper (level 6, -2/47 HPs)
             Began as a Demonspawn Fighter on Jan 11, 2019.
             Slain by a gnoll
             ... wielding a +0 spear
              (9 damage)
             ... on level 4 of the Dungeon.
             The game lasted 00:04:03 (4093 turns).

galech the Chopper (Demonspawn Fighter)             Turns: 4093, Time: 00:04:04

Health: -2/47      AC:  2    Str: 16    XL:     6   Next: 43%
Magic:  6/6        EV: 10    Int:  9    God:
Gold:   207        SH:  9    Dex: 15    Spells: 5/5 levels left

rFire    . . .     SeeInvis .   a - +0 war axe
rCold    . . .     Gourm    .   c - +0 shield
rNeg     . . .     Faith    .   p - +0 robe of Pandemonium {Regen+ Stlth+} (curse)
rPois    .         Spirit   .   (no helmet)
rElec    .         Reflect  .   (no cloak)
rCorr    .         Harm     .   (no gloves)
MR       .....                  (no boots)
Stlth    ++........             (no amulet)
HPRegen  0.55/turn              (no ring)
MPRegen  0.10/turn              (no ring)

@: no status effects
A: hooves 1, rot immunity
a: no special abilities


You were on level 4 of the Dungeon.
You were not hungry.

You visited 1 branch of the dungeon, and saw 4 of its levels.

You collected 207 gold pieces.

Inventory:

Hand Weapons
 a - a +0 war axe (weapon)
Armour
 b - a +0 scale mail
 c - a +0 shield (worn)
 p - the cursed +0 robe of Pandemonium (worn) {Regen+ Stlth+}
   (You found it on level 4 of the Dungeon)

   It increases your rate of regeneration.
   It makes you more stealthy.
   It has a curse placed upon it.
Scrolls
 e - a scroll of blinking
 g - 2 scrolls of teleportation
 h - a scroll of enchant armour {unknown}
 i - 2 scrolls of remove curse
 j - a scroll of magic mapping
 o - a scroll of fog
 r - a scroll of noise {unknown}
Potions
 d - a potion of might
 k - a potion of curing {unknown}
 m - a potion of berserk rage {unknown}
 n - 3 potions of heal wounds {unknown}
 q - a potion of degeneration {unknown}
Comestibles
 f - 5 rations
 l - 3 chunks of flesh


   Skills:
 + Level 3.4 Fighting
 + Level 4.3 Axes
 + Level 3.9 Armour
 + Level 1.2 Dodging
 + Level 0.4 Stealth
 + Level 3.7 Shields


You had 5 spell levels left.
You didn't know any spells.
Your spell library was empty.

Dungeon Overview and Level Annotations

Branches:
Dungeon (4/15)
 Temple: D:4-7

Altars:
Nemelex Xobeh


Innate Abilities, Weirdness & Mutations

You have large cloven feet.
You are immune to rotting.


Message History

Your shield prevents you from hitting the gnoll.
The gnoll throws a throwing net.
The throwing net hits you.
You become entangled in the net!
The gnoll hits you from afar with a +0 spear.
The bullfrog skeleton hits you but does no damage.
The gnoll barely misses you.
You are held in a net!
You struggle against the net.
The bullfrog skeleton hits you!
The gnoll hits you from afar with a +0 spear!
The gnoll hits you with a +0 club. The bullfrog skeleton hits you.
You struggle against the net.
The gnoll hits you from afar with a +0 spear.
* * * LOW HITPOINT WARNING * * *
The gnoll hits you with a +0 club.
* * * LOW HITPOINT WARNING * * *
The bullfrog skeleton hits you.
* * * LOW HITPOINT WARNING * * *
You rip the net and break free!
The gnoll hits you from afar with a +0 spear!
You die...

##... .#
##....## $#
##......##.##
...#........##
#............##
#.....g......##
#....Zgg.#....#
# ##..@..#.....
#.#....#..#...#
####
##.............#
....
#.............#
....
#.#####.%###...
# ..# #..# ..
...# ##.## . #
....##.(# .. #
........###....
####


You could see 3 gnolls and a bullfrog skeleton.

Vanquished Creatures
  A howler monkey (D:4)
  2 hounds (D:4)
  An orc priest (D:3)
  A gnoll shaman (D:3)
  A hound skeleton (D:4)
  5 gnolls (D:4)
  5 adders
  3 oozes
  An adder skeleton (D:4)
  2 worms (D:2)
  A dart slug (D:1)
  6 leopard geckos
  8 orcs
  3 ball pythons
  5 giant cockroaches
  6 hobgoblins
  3 jackals (D:3)
  10 bats
  9 goblins
  3 kobolds
  8 rats
84 creatures vanquished.

Notes
Turn   | Place    | Note
-------+----------+-------------------------------------------
     0 | D:1      | galech the Demonspawn Fighter began the quest for the Orb.
     0 | D:1      | Reached XP level 1. HP: 18/18 MP: 1/1
   213 | D:1      | Reached skill level 2 in Axes
   254 | D:1      | Gained mutation: You have large cloven feet. [demonic
                  | ancestry]
   254 | D:1      | Reached XP level 2. HP: 19/24 MP: 2/2
   637 | D:1      | Reached XP level 3. HP: 26/29 MP: 3/3
  1377 | D:2      | Found a sparkling altar of Nemelex Xobeh.
  1424 | D:3      | Reached XP level 4. HP: 32/35 MP: 4/4
  1496 | D:3      | Reached skill level 3 in Axes
  1928 | D:3      | Gained mutation: You are immune to rotting. [demonic
                  | ancestry]
  1928 | D:3      | Reached XP level 5. HP: 16/41 MP: 5/5
  2511 | D:4      | Reached skill level 1 in Dodging
  2732 | D:3      | Reached XP level 6. HP: 7/47 MP: 6/6
  3108 | D:4      | Reached skill level 4 in Axes
  3963 | D:4      | Got a dull robe
  3974 | D:4      | Identified the cursed +0 robe of Pandemonium {Regen+
                  | Stlth+} (You found it on level 4 of the Dungeon)
  4093 | D:4      | Slain by a gnoll

Vault maps used:
D:1:      nzn_arrival_crosshair, minmay_liquid_box
D:2:      first_ration, small_statue_intersection, nemelex_dance_club_becter

Skill      XL: |  1  2  3  4  5  6 |
---------------+-------------------+-----
Axes           | 2 3 4 |  4.3
Armour         | 3 |  3.9
Shields        | 3 |  3.7
Dodging        | 1 |  1.2
Fighting       | |  3.4
Stealth        | |  0.4

Action                   |  1- 3 |  4- 6 || total
-------------------------+-------+-------++-------
Melee: War axe           |    99 |   153 ||   252
       Kick              |    23 |    25 ||    48
  Use: Potion            |       |     1 ||     1
       Scroll            |       |     5 ||     5
  Eat: Chunk             |     2 |     5 ||     7
       Ration            |       |     1 ||     1
Armor: Scale mail        |    42 |    89 ||   131
       Robe              |       |     2 ||     2
Dodge: Dodged            |    19 |    59 ||    78
Block: Shield            |    43 |    99 ||   142

Table legend:
 A = Non-vault XP
 B = Vault XP
 C = Vault XP percentage of total XP
 D = Non-vault monster count
 E = Vault monster count
 F = Vault count percentage of total count
                 A         B        C        D         E       F
            +---------+---------+-------+---------+---------+-------
      Total |     524 |       9 |   1.7 |      82 |       2 |   2.4
            +---------+---------+-------+---------+---------+-------
        D:1 |      49 |       0 |   0.0 |      22 |       0 |   0.0
        D:2 |      36 |       9 |  20.0 |      11 |       2 |  15.4
        D:3 |     166 |       0 |   0.0 |      33 |       0 |   0.0
        D:4 |     273 |       0 |   0.0 |      16 |       0 |   0.0
            +---------+---------+-------+---------+---------+-------
